AoeStats
← Chris77A

Oasis

507063236Analyzed
2v2 RM · 15d ago on Sep 16, 2026· 56m 57s· 4 players
Game mode
Random Map
Map size
Medium (4 player)
Population
200
Speed
Normal
Resources
Standard
Victory
Conquest
Starting age
Dark Age
Ending age
Imperial Age
RankedLock teamsTeams togetherTeam positionsShared explorationLock speedFull tech treeHidden civsTurbo modeCheats
Victory
Defeat
🇪🇸 Persians · Spain
1358
+12
🇺🇸 Bengalis · United States
1297
+15
🇬🇧 Bohemians · United Kingdom
1304
-15
🇬🇧 Byzantines · United Kingdom
1246
-12
Underwear
11:45 Feudal Age
12:33 Man-at-Arms
13:47 Loom
18:15 Castle Age
16:32 Double-Bit Axe
16:28 Horse Collar
21:40 Bow Saw
21:40 Fletching
26:31 Bodkin Arrow
27:16 Gold Mining
28:05 Redemption
28:49 Padded Archer Armor
29:41 Wheelbarrow
32:15 Hand Cart
35:22 Imperial Age
33:28 Forging
33:55 Sanctity
34:00 Stone Mining
34:28 Leather Archer Armor
34:48 Iron Casting
35:45 Bloodlines
35:36 Husbandry
35:46 Paiks
36:09 Bracer
36:58 Gold Shaft Mining
37:56 Ring Archer Armor
36:59 Elite Ratha (Ranged)
38:10 Ring Archer Armor
38:47 Blast Furnace
38:38 Ballistics
38:16 Town Watch
39:38 Conscription
40:49 Chemistry
39:55 Siege Engineers
40:44 Scale Barding Armor
40:01 Light Cavalry
42:22 Mahayana
44:05 Block Printing
46:38 Masonry
46:55 Chain Barding Armor
48:46 Plate Barding Armor
49:23 Two-Man Saw
51:01 Siege Elephant
FeoXVI
7:15 Loom
7:32 Loom
9:44 Feudal Age
10:17 Double-Bit Axe
17:17 Castle Age
15:43 Gold Mining
17:09 Forging
17:02 Scale Mail Armor
16:48 Horse Collar
17:05 Pikeman
19:39 Arson
22:47 Squires
23:46 Gambesons
25:22 Wheelbarrow
24:48 Town Watch
27:52 Chain Mail Armor
29:49 Bloodlines
30:20 Scale Barding Armor
31:35 Bow Saw
32:42 Husbandry
33:07 Chain Barding Armor
34:43 Fletching
35:18 Stone Mining
38:34 Imperial Age
38:01 Iron Casting
37:37 Elite Skirmisher
38:20 Padded Archer Armor
38:15 Bodkin Arrow
38:51 Thumb Ring
39:17 Hand Cart
38:32 Cavalier
42:24 Plate Barding Armor
43:56 Light Cavalry
47:40 Hussar
50:21 Leather Archer Armor
52:14 Ballistics
52:03 Heavy Plow
52:50 Conscription
54:48 Savar
Chris77A
4:35 Loom
11:33 Feudal Age
19:23 Castle Age
19:22 Double-Bit Axe
19:19 Horse Collar
22:11 Pikeman
24:35 Wheelbarrow
33:45 Fletching
34:04 Scale Barding Armor
35:48 Bow Saw
39:44 Imperial Age
38:10 Hand Cart
38:23 Gold Mining
39:13 Chain Barding Armor
39:49 Husbandry
40:04 Forging
40:04 Fletching
39:51 Heavy Camel Rider
41:44 Plate Barding Armor
41:38 Conscription
42:23 Chemistry
42:44 Iron Casting
47:44 Onager
DrunkMonk
5:06 Loom
10:59 Feudal Age
11:54 Double-Bit Axe
14:34 Forging
15:44 Scale Barding Armor
21:49 Castle Age
21:05 Horse Collar
25:36 Chemistry
24:58 Fletching
25:53 Bodkin Arrow
31:53 Wheelbarrow
31:04 Town Watch
34:48 Hand Cart
34:48 Padded Archer Armor
38:36 Imperial Age
39:54 Bow Saw
39:49 Houfnice
41:48 Conscription
43:12 Pikeman
43:53 Squires
43:39 Arson
45:14 Halberdier
45:37 Halberdier
48:20 Bracer
48:36 Leather Archer Armor
48:30 Siege Engineers
48:46 Ballistics
49:32 Elite Skirmisher
51:32 Two-Man Saw
52:21 Ring Archer Armor
54:12 Light Cavalry
Connection lost

Rejoining the realm…

Still unreachable

The connection could not be restored.

Session expired

The server has moved on; the page needs a fresh start.